 Dungeon Crawl Stone Soup version 0.30.0-11-gf55b779eaf (webtiles) character file.

Game seed: 10252798955415362198

24 dolemite99 the Slasher (level 2, -2/24 HPs)
             Began as a Demonspawn Monk on May 17, 2023.
             Slain by a hobgoblin (5 damage)
             ... on level 1 of the Dungeon.
             The game lasted 00:00:30 (489 turns).

dolemite99 the Slasher (Demonspawn Monk)             Turns: 489, Time: 00:00:30

Health: -2/24      AC:  2    Str: 11    XL:     2   Next: 79%
Magic:  2/2        EV: 12    Int: 11    God:
Gold:   35         SH:  0    Dex: 15    Spells: 1/1 levels left

rFire   . . .        i - +1 dagger (venom)
rCold   . . .        d - orb {light}
rNeg    . . .        b - +0 robe
rPois   .            (helmet restricted)
rElec   .            (no cloak)
rCorr   .            (no gloves)
SInv    .            (no boots)
Will    .....        (no amulet)
Stlth   +            (no ring)
HPRegen 0.24/turn    (no ring)
MPRegen 0.08/turn

%: no passive effects
@: glowing
A: antennae 1
a: no special abilities


You were on level 1 of the Dungeon.
You visited 1 branch of the dungeon, and saw 1 of its levels.

You collected 35 gold pieces.

Inventory:

Hand Weapons
 a - a +0 falchion
 i - a +1 dagger of venom (weapon)
Armour
 b - a +0 robe (worn)
 d - an orb of light (worn)
Scrolls
 e - a scroll of immolation {unknown}
 h - a scroll of fog {unknown}
Potions
 c - a potion of ambrosia
 f - a potion of haste {unknown}
 g - a potion of heal wounds {unknown}


   Skills:
 - Level 3.0 Fighting
 + Level 3.7 Long Blades
 - Level 2.6 Dodging


You had one spell level left.
You didn't know any spells.
Your spell library was empty.

Dungeon Overview and Level Annotations

Branches:
Dungeon (1/15)

Altars:


Innate Abilities, Weirdness & Mutations

You have a pair of small antennae on your head.


Message History

Found a scroll labelled WUADIR YJUU.
There are monsters nearby!
The endoplasm quivers.
The giant cockroach closely misses you.
There are monsters nearby!
You hit the giant cockroach.
The giant cockroach is almost dead.
The giant cockroach closely misses you.
There are monsters nearby!
You hit the giant cockroach.
You kill the giant cockroach!
The endoplasm closely misses you.
You hit the endoplasm.
The endoplasm is moderately wounded.
The endoplasm freezes you.
You are frozen.
The quokka bites you.
You are too injured to fight recklessly!
You hit the endoplasm.
The endoplasm is heavily wounded.
The quokka bites you but does no damage.
The endoplasm freezes you.
You are frozen.
You are too injured to fight recklessly!
You are too injured to fight recklessly!
The endoplasm attacks as you move away! The endoplasm misses you.
The quokka barely misses you.
A hobgoblin comes into view.
The hobgoblin shouts!
You closely miss the quokka. The quokka bites you.
You hit the quokka.
You kill the quokka!
The endoplasm freezes you.
You are frozen.
* * * LOW HITPOINT WARNING * * *
You hit the endoplasm.
You kill the endoplasm!
The hobgoblin hits you.
* * * LOW HITPOINT WARNING * * *
You hit the hobgoblin but do no damage. The hobgoblin hits you.
You die...

## # #. #..# # #.. .##
#.#.# ##..#.#.... ..##
#.... ...#.#.#.# ...##
#..... ..#....?.
....####...#.###........
....+ ..............#
....# #...###.#.#.##
...## #...# #.#..## ..##
#.###.#@#.# .##
##...##g...# #####
#.###.###........ ....#
#..........##.#.# .##.#
#####.####.# .# # .##.#
#.# .# . .##.########.#
.. #######
.............# ##
#≈≈>§§# . .#..##########
#§≈§§≈# .


You could see a hobgoblin.

Vanquished Creatures
  A dart slug (D:1)
  An endoplasm (D:1)
  2 giant cockroaches (D:1)
  3 goblins (D:1)
  5 hobgoblins (D:1)
  2 quokkas (D:1)
  A bat (D:1)
  A frilled lizard (D:1)
  3 rats (D:1)
19 creatures vanquished.

Notes
Turn   | Place    | Note
-------+----------+-------------------------------------------
     0 | D:1      | dolemite99 the Demonspawn Monk began the quest for the Orb.
     0 | D:1      | Reached XP level 1. HP: 18/18 MP: 1/1
   253 | D:1      | Discovered your monstrous ancestry.
   253 | D:1      | Gained mutation: You have a pair of small antennae on your
                  | head. [demonic ancestry]
   253 | D:1      | Reached XP level 2. HP: 24/24 MP: 2/2
   489 | D:1      | Slain by a hobgoblin

Illustrated notes

Levels and vault maps discovered:
D:1:      grunt_arrival_lava_bath, layout_loops_corners

Skill      XL: |  1 |
---------------+----+-----
Long Blades    | 3 |  3.7
Fighting       | |  3.0
Dodging        | |  2.6

Action                     || total
---------------------------++-------
  Melee: Falchion          ||    37
         Dagger            ||     8
 Armour: Robe              ||     7
  Dodge: Dodged            ||    30
